[Event "SUI-ch Bundesturnier TP-1 2022"]
[Site "Payerne"]
[Date "2022.05.29"]
[Round "7.8"]
[White "Loeffler, Markus"]
[Black "Manko, Mariya"]
[Result "1-0"]
[ECO "A31"]
[WhiteElo "2272"]
[BlackElo "1862"]
[Annotator "TA"]
[PlyCount "103"]
[EventDate "2022.05.26"]
[EventType "swiss"]
[EventCountry "SUI"]
[SourceTitle "playchess.com"]
[Source "ChessBase"]
[SourceQuality "1"]
[TimeControl "5400+30"]

1. Nf3 c5 2. g3 g6 3. Bg2 Bg7 4. O-O Nf6 5. c4 Nc6 6. d4 O-O 7. dxc5 Qa5 8. Nc3 Qxc5 9. b3 {[%emt 0:10:11] A31: Symmetrical English: 2 Nf3 Nf6 3 d4.} Rd8 10. Be3 Qh5 11. Rc1 {[%emt 0:01:57] The position is equal.} d5 {[%emt 0:11:20] [#]} 12. cxd5 $146 ({Predecessor:} 12. Nxd5 Nxd5 13. cxd5 Rxd5 14. Nd2 Ra5 15. a4 Bg4 16. Bf3 {1-0 (16) Wittal,W-Carlsen,T DESC email 2016}) 12... Bh3 (12... Nxd5 $11 13. Nxd5 Rxd5) 13. Bxh3 (13. Bg5 $1 $16) 13... Qxh3 $11 14. Ng5 $132 {[%emt 0:00:02][%mdl 2048] White is fighting back} Qh5 15. h4 h6 16. Nge4 (16. Nf3 $11) 16... Nxe4 $15 17. Nxe4 Rxd5 18. Qc2 {[%emt 0:00:59] [#]} Nd4 ({Black should try} 18... Bd4 $1 $17) 19. Bxd4 $11 Bxd4 20. e3 Be5 21. Rfd1 Rxd1+ 22. Rxd1 Qg4 23. Kg2 Rc8 24. Qd3 Kg7 25. Qd5 Qf5 (25... Bf6 $11) 26. Qxb7 $14 Rc2 27. Rd2 Rc1 28. Qd5 ({But not} 28. f4 $6 Bc7 $11) ({White should play} 28. Rd7) 28... g5 $2 (28... e6 $16 29. Qd3 g5) 29. f4 $18 gxf4 30. exf4 Re1 31. Qxe5+ (31. Rd4 $18 {and White stays clearly on top.}) 31... Qxe5 $16 {[%emt 0:00:08][%mdl 64] Remove Defender} 32. fxe5 Rxe4 $18 {[%emt 0:00:05][%mdl 4096] Endgame KR-KR} 33. Rd7 $1 Re2+ 34. Kf3 Rxa2 35. Rxe7 {[%emt 0:00:04] Black must now prevent e6.} Rb2 36. Rb7 {[%emt 0:00:05] e6 is the strong threat.} Kf8 37. Kg4 {[%emt 0:00:50] aiming for Kh5.} a5 38. Rb5 Kg7 39. Kh5 Rb1 $2 (39... Re2 $16 40. Rxa5 Re3) 40. g4 {[%emt 0:00:30][%cal Bg3g4,Bg4g5,Bg5g6,Bg6g7][%mdl 32] Hoping for e6.} Ra1 {[%emt 0:00:16] [#]} 41. e6 $1 {[%emt 0:01:20] Strongly threatening exf7.} fxe6 42. Rb7+ Kf6 43. Kxh6 a4 44. g5+ Kf5 45. bxa4 Rxa4 46. h5 e5 47. g6 Ra6 48. Kh7 Kg5 49. Re7 e4 50. Rxe4 Ra7+ 51. g7 Kxh5 52. Re5+ {[%emt 0:00:19] Weighted Error Value: White=0.36/Black=0.45} 1-0

[Event "SUI-ch Bundesturnier TP-1 2022"]
[Site "Payerne"]
[Date "2022.05.29"]
[Round "7.9"]
[White "Toktomushev, Teimur"]
[Black "Lou, Vincent"]
[Result "1/2-1/2"]
[ECO "E18"]
[WhiteElo "1946"]
[BlackElo "2212"]
[Annotator "TA"]
[PlyCount "105"]
[EventDate "2022.05.26"]
[EventType "swiss"]
[EventCountry "SUI"]
[SourceTitle "playchess.com"]
[Source "ChessBase"]
[SourceQuality "1"]
[TimeControl "5400+30"]

1. d4 Nf6 2. c4 e6 3. Nf3 b6 4. g3 Bb7 5. Bg2 Be7 6. O-O O-O 7. Nc3 Ne4 8. Bd2 $1 {[%emt 0:00:09][%mdl 4] outshines the older 8.Qc2.} f5 9. Qc2 Bf6 {[%emt 0:01:03] E18: Queen's Indian: Old Main Line (4 g3 Bb7 5 Bg2 Be7 6 0-0 0-0 7 Nc3).} 10. Ne5 Nxc3 11. Bxc3 {[%emt 0:00:11] [#]} (11. bxc3 Bxg2 12. Kxg2 Bxe5 13. dxe5 Nc6 $17) 11... Qc8 $146 ({Predecessor:} 11... Bxg2 12. Kxg2 d5 13. Rfd1 dxc4 14. Bb4 Re8 15. Qxc4 Qd5+ 16. Qxd5 exd5 17. f4 Na6 {½-½ (29) Gelfand,B (2676)-Eljanov,P (2655) Netanya 2019}) 12. d5 d6 13. Nd3 Bxc3 14. Qxc3 (14. bxc3 e5 $11) 14... e5 {[%emt 0:00:09][%cal Be6e5,Be5e4][%mdl 32] Inhibits Nf4.} 15. f4 e4 16. Nf2 Nd7 17. g4 Nf6 18. g5 Nd7 19. Nd1 a5 20. Ne3 Qe8 21. Bh3 g6 22. Bg2 Qe7 23. Nc2 Nc5 24. Nd4 Bc8 25. b3 Bd7 26. a3 Ra7 27. b4 Nb7 28. Kf2 Rfa8 29. b5 Nc5 30. Rh1 h5 31. gxh6 Qh4+ 32. Qg3 {[%emt 0:00:12] Chess con chili. Active counter play!} Qxh6 33. h4 Qh5 (33... Kf7 $1 $14) 34. Ke1 Kf7 35. e3 Rg8 36. Bf1 Raa8 37. Be2 Qh6 38. Kf2 Rg7 39. Rag1 $1 Rag8 40. Qh3 Ke8 {[%emt 0:03:49] [#]} 41. Rg5 $1 Kf8 (41... Nb7 $16 42. Rhg1 Kf8) 42. Qg3 (42. h5 $18) 42... Nb7 43. h5 ({White should try} 43. Rg1 $16) 43... Nd8 ({Better is} 43... gxh5 $1 $14 44. Rhxh5 Rxg5 45. fxg5 (45. Rxh6 $2 Rxg3 46. Bf1 Nc5 $19) 45... Qg6) 44. Rh2 {[%emt 0:00:32] And now hxg6 would win.} gxh5 45. Rhxh5 (45. Rxf5+ $16 Bxf5 46. Nxf5) 45... Qf6 {[%emt 0:00:30] [#]} (45... Rxg5 $1 $11 {remains equal.} 46. Rxg5 (46. Rxh6 $2 {loses.} Rxg3 47. Bf1 Nb7 $19) (46. fxg5 Qg6 $11) 46... Rxg5 47. fxg5 (47. Qxg5 Qxg5 48. fxg5 Nf7 $11) 47... Qg6) 46. Rxg7 $1 $16 Rxg7 47. Qh3 (47. Rh8+ $16 Ke7 48. Qh2) 47... Nf7 $14 48. Rh7 (48. Rh4 $16) 48... Rxh7 $1 $11 {[%emt 0:01:03] White has an edge.} 49. Qxh7 {[%emt 0:00:05] Bh5 is the strong threat.} Qh6 50. Qxh6+ Nxh6 51. Kg3 {[%emt 0:00:12] Black must now prevent Kh4.} Kg7 52. Kh4 {[%emt 0:00:19] Hoping for Kh5.} Kf6 53. Kh5 {[%emt 0:00:12] Black defended with fortune.  Weighted Error Value: White=0.12 (very precise) /Black=0.14 (very precise)} 1/2-1/2

[Event "SUI-ch Bundesturnier TP-1 2022"]
[Site "Payerne"]
[Date "2022.05.29"]
[Round "7.10"]
[White "Hagner, Bennet"]
[Black "Schlegel, Igor"]
[Result "1-0"]
[ECO "B94"]
[WhiteElo "2186"]
[BlackElo "2183"]
[Annotator "TA"]
[PlyCount "55"]
[EventDate "2022.05.26"]
[EventType "swiss"]
[EventCountry "SUI"]
[SourceTitle "playchess.com"]
[Source "ChessBase"]
[SourceQuality "1"]
[TimeControl "5400+30"]

1. e4 c5 2. Nf3 d6 3. d4 cxd4 4. Nxd4 Nf6 5. Nc3 a6 6. Bg5 Nbd7 7. Bc4 {[%emt 0:00:06][%cal Bf1c4,Bc4d5,Bd5b3][%mdl 32] 7.Qe2 is setting a new trend.} Qb6 {[%emt 0:00:07] B94: Sicilian Najdorf: 6 Bg5 Nbd7.} 8. O-O (8. Bb3 $142) 8... Qc5 9. Bd5 e6 {[%emt 0:00:10] [#] The position is equal.} 10. Re1 $1 Ne5 ({Don't play} 10... exd5 11. Na4 Qa5 12. exd5+ Ne5 13. f4 Qxa4 14. fxe5 dxe5 15. Rxe5+ Kd8 16. Re4 $17) 11. Bb3 (11. Na4 $5 Qc7 12. Bb3 $11) 11... Be7 12. Be3 Qc7 13. f4 Neg4 {[%emt 0:07:23] [#]} 14. Kh1 $146 {[%emt 0:00:10] White wants to play Bg1.} ({Predecessor:} 14. Bc1 h5 15. h3 Nh6 16. f5 e5 17. Nf3 Bd7 18. Bg5 Bc6 19. Qd2 O-O-O 20. Bxf6 Bxf6 {1-0 (32) Bilych,O (2342)-Bachmann,A (2588) Chess.com INT 2022}) 14... Nxe3 15. Rxe3 O-O 16. f5 e5 {[%emt 0:02:38] And now ...Qc5 would win.} 17. Nde2 Qc5 18. Rf3 Bd8 19. Qd3 b5 20. Nd5 Bb7 21. Nxf6+ Bxf6 22. Ng3 Bh4 $2 {[%emt 0:08:25][%mdl 8192] [#] This move loses the game for Black.} (22... a5 $11) 23. f6 $1 $18 {[%emt 0:20:42] fxg7 is the strong threat.} Bxf6 {[%emt 0:00:38] [#]} 24. Rxf6 {[%emt 0:01:16][%cal Oa1f1][%mdl 512] Hoping for Raf1! White is clearly winning.} gxf6 {[%emt 0:00:05] [#]} (24... Kh8 25. Rxd6) 25. Qf3 $1 f5 26. Nh5 (26. Nxf5 $142 Kh8 27. Qg4) 26... Kh8 27. Qxf5 {[%emt 0:00:35] Threatening mate with Qf6+.} f6 28. Qd7 {[%emt 0:01:07] Weighted Error Value: White=0.09 (flawless) /Black=0.61} 1-0